[Event "Titled Tuesday Blitz July 4 Late 2023"]
[White "Karas, Marek"]
[Black "Sailer, Mike"]
[WhiteFideId "14928558"]
[BlackFideId "2012901"]
[WhiteElo "2449"]
[BlackElo "2147"]
[Result "1-0"]
[Round "7"]
[TimeControl "180+2"]
[Date "2023.07.04"]
[WhiteClock "0:01:14"]
[BlackClock "0:01:07"]
[Board "105"]

1. d4 d5 2. Nf3 Nf6 3. c4 c6 4. Nc3 a6 5. cxd5 cxd5 6. Bf4 Nc6 7. e3 Bg4 8. h3 Bxf3 9. Qxf3 e6 10. Bd3 Bd6 11. Bg5 Be7 12. O-O h6 13. Bh4 O-O 14. Rac1 Rc8 15. Bb1 Na5 16. Qe2 Nc4 17. Rfd1 b5 18. Qd3 g6 19. Qe2 b4 20. Na4 Ne4 21. Bxe7 Qxe7 22. Bxe4 dxe4 23. Rxc4 1-0


[Site "https://www.chess.com"]

[Event "Titled Tuesday Blitz July 4 Late 2023"]
[White "Santos, Rafael Ventura Dos"]
[Black "benny_aizenberg"]
[WhiteFideId "2122227"]
[WhiteElo "2277"]
[BlackElo "2646"]
[Result "0-1"]
[Round "7"]
[TimeControl "180+2"]
[Date "2023.07.04"]
[WhiteClock "0:00:19"]
[BlackClock "0:00:22"]
[Board "106"]

1. d4 g5 2. Bxg5 Bg7 3. e3 c5 4. Nf3 Qb6 5. Nc3 e6 6. Qd2 cxd4 7. exd4 Nc6 8. O-O-O Nge7 9. Kb1 d6 10. Ne4 Nf5 11. c3 d5 12. Nf6+ Bxf6 13. Bxf6 Rg8 14. Ne5 Bd7 15. Rg1 Nd6 16. Bd3 Nxe5 17. dxe5 Nb5 18. Bxh7 Rg4 19. f4 Rc8 20. Ka1 Rc4 21. g3 Rcxf4 22. gxf4 Rxg1 23. Rxg1 Qxg1+ 24. Bb1 Bc6 25. f5 d4 26. Qh6 Be4 27. Qh8+ Kd7 28. Qd8+ Kc6 29. Qe8+ Kb6 30. Qd7 Qxb1# 0-1


[Site "https://www.chess.com"]

[Event "Titled Tuesday Blitz July 4 Late 2023"]
[White "Pinheiro, Iung Alicio de O."]
[Black "Zherebtsova, Alexandra"]
[WhiteFideId "2104350"]
[BlackFideId "24129518"]
[WhiteElo "2570"]
[BlackElo "2344"]
[Result "1-0"]
[Round "7"]
[TimeControl "180+2"]
[Date "2023.07.04"]
[WhiteClock "0:00:37"]
[BlackClock "0:00:00"]
[Board "107"]

1. e4 e5 2. Nf3 Nc6 3. Bc4 Nf6 4. Ng5 d5 5. exd5 Na5 6. Bb5+ c6 7. dxc6 bxc6 8. Be2 h6 9. Nh3 Bxh3 10. gxh3 Bc5 11. d3 Qd7 12. O-O Qxh3 13. Kh1 Rd8 14. Nc3 e4 15. Bf4 h5 16. Rg1 Bxf2 17. Rxg7 exd3 18. cxd3 Kf8 19. Rg2 Bb6 20. Qf1 Qe6 21. Re1 Qc8 22. Bg5 Rd6 23. Bxf6 1-0


[Site "https://www.chess.com"]

[Event "Titled Tuesday Blitz July 4 Late 2023"]
[White "Petesch, Gabriel"]
[Black "Slovineanu, Viacheslav"]
[WhiteFideId "2032465"]
[BlackFideId "13900510"]
[WhiteElo "2518"]
[BlackElo "2344"]
[Result "1-0"]
[Round "7"]
[TimeControl "180+2"]
[Date "2023.07.04"]
[WhiteClock "0:00:04"]
[BlackClock "0:00:16"]
[Board "108"]

1. e4 c6 2. d4 d5 3. Nc3 dxe4 4. Nxe4 Nf6 5. Nxf6+ exf6 6. Nf3 Bd6 7. Bd3 O-O 8. O-O Bg4 9. c3 Nd7 10. Re1 Bc7 11. h3 Bh5 12. a4 a5 13. Ra3 Nb6 14. Bd2 Qd6 15. Rb3 Bxf3 16. Qxf3 Qh2+ 17. Kf1 Rfe8 18. Be3 Re7 19. c4 Rae8 20. Ke2 g6 21. Kd1 f5 22. g3 Qxh3 23. Rh1 Rxe3 24. fxe3 Rxe3 25. Rxh3 Rxf3 26. Ke2 Rxg3 27. Rxg3 Bxg3 28. Rxb6 h5 29. Kf3 f4 30. Rxb7 h4 31. b4 h3 32. Bf1 h2 33. Bg2 f5 34. bxa5 g5 35. a6 g4+ 36. Ke2 f3+ 37. Kd2 fxg2 38. a7 Bd6 39. a8=Q+ Bf8 40. Qc8 g1=Q 41. Qe6+ Kh8 42. Qf6+ Kg8 43. Qf7+ Kh8 44. Qh7# 1-0


[Site "https://www.chess.com"]

[Event "Titled Tuesday Blitz July 4 Late 2023"]
[White "Hajiyev, Kanan"]
[Black "Cardozo Munar, Carlos Eduardo"]
[WhiteFideId "13404148"]
[BlackFideId "4409477"]
[WhiteElo "2505"]
[BlackElo "2341"]
[Result "1-0"]
[Round "7"]
[TimeControl "180+2"]
[Date "2023.07.04"]
[WhiteClock "0:01:47"]
[BlackClock "0:01:03"]
[Board "109"]

1. d4 d5 2. Nf3 c6 3. c4 Nf6 4. cxd5 cxd5 5. Nc3 Bf5 6. Bg5 e6 7. Qb3 Nbd7 8. Ne5 Qb6 9. e3 Qxb3 10. axb3 a6 11. Bb5 Rc8 12. Nxd7 Nxd7 13. Be2 Bb4 14. Kd2 f6 15. Bh4 Ke7 16. Rhc1 Rc6 17. Bd3 Bxd3 18. Kxd3 Rhc8 19. Ne2 Rxc1 20. Rxc1 Rxc1 21. Nxc1 h5 22. Bg3 Bd6 23. Ne2 g5 24. h4 Nb8 25. f4 g4 26. f5 Nc6 27. fxe6 Kxe6 28. Bxd6 Kxd6 29. Nf4 Nb4+ 30. Kd2 Nc6 31. Nxh5 Ne7 32. Nxf6 Ke6 33. Nxg4 Kf5 34. Ne5 Ke4 35. h5 Nf5 36. g4 Nxe3 37. h6 Kxd4 38. h7 Kxe5 39. h8=Q+ Ke4 40. Qe8+ 1-0


[Site "https://www.chess.com"]

[Event "Titled Tuesday Blitz July 4 Late 2023"]
[White "The_Straightforward_Rook"]
[Black "Liu, Casper"]
[BlackFideId "1454153"]
[WhiteElo "2336"]
[BlackElo "2475"]
[Result "0-1"]
[Round "7"]
[TimeControl "180+2"]
[Date "2023.07.04"]
[WhiteClock "0:00:00"]
[BlackClock "0:01:22"]
[Board "110"]

1. d4 c5 2. d5 f5 3. c4 g6 4. h4 Bg7 5. h5 d6 6. Nc3 Nd7 7. e4 Ngf6 8. h6 Bf8 9. exf5 gxf5 10. Be2 Ne5 11. Bh5+ Nxh5 12. Qxh5+ Ng6 13. Nf3 e5 14. dxe6 Bxe6 15. O-O Be7 16. Re1 Qd7 17. Ng5 Bxc4 18. Nxh7 O-O-O 19. Qxg6 Rdg8 20. Nf6 Rxg6 21. Nxd7 Kxd7 22. Bf4 Bg5 23. Bxg5 Rxg5 24. b3 Bf7 25. Rad1 Rxh6 26. Nd5 Rgh5 27. Re7+ Kd8 28. f3 Rh1+ 29. Kf2 Rxd1 30. Rxf7 Rxd5 0-1


[Site "https://www.chess.com"]

[Event "Titled Tuesday Blitz July 4 Late 2023"]
[White "Shapiro, Daniel"]
[Black "Hoffmann, Asa"]
[WhiteFideId "2001780"]
[BlackFideId "2001470"]
[WhiteElo "2335"]
[BlackElo "2427"]
[Result "1-0"]
[Round "7"]
[TimeControl "180+2"]
[Date "2023.07.04"]
[WhiteClock "0:00:14"]
[BlackClock "0:00:17"]
[Board "111"]

1. d4 Nf6 2. Nf3 d6 3. c4 c6 4. Nc3 Bf5 5. g3 h6 6. Bg2 Nbd7 7. O-O e5 8. Nh4 Bh7 9. e4 Be7 10. f4 exd4 11. Qxd4 d5 12. Kh1 dxe4 13. Nxe4 O-O 14. Be3 Nxe4 15. Bxe4 Bxe4+ 16. Qxe4 Bxh4 17. gxh4 Qxh4 18. Rg1 Rfe8 19. Qd4 Nf6 20. Rg2 Rad8 21. Qc3 Rd6 22. Rag1 g6 23. Bc5 Ne4 24. Qe3 Rde6 25. f5 Re5 26. fxg6 f5 27. Bd4 Ng3+ 28. Qxg3 Qxd4 29. g7 f4 30. Qg6 f3 31. Rg4 Re4 32. Qxe8+ Rxe8 33. Rxd4 f2 34. Rf1 Re2 35. Kg2 Rxb2 36. Rd7 b5 37. cxb5 cxb5 38. Rxf2 Rxf2+ 39. Kxf2 a5 40. Ra7 a4 41. Rb7 b4 42. Rxb4 Kxg7 43. Rxa4 Kg6 44. Re4 Kf5 45. Re3 h5 46. a4 Kf4 47. a5 h4 48. a6 h3 49. a7 Kf5 50. a8=Q 1-0


[Site "https://www.chess.com"]

[Event "Titled Tuesday Blitz July 4 Late 2023"]
[White "Vasques, Antonio Pedro Freixial"]
[Black "texie1"]
[WhiteFideId "1908332"]
[WhiteElo "2333"]
[BlackElo "2419"]
[Result "0-1"]
[Round "7"]
[TimeControl "180+2"]
[Date "2023.07.04"]
[WhiteClock "0:01:08"]
[BlackClock "0:01:26"]
[Board "112"]

1. Nf3 d5 2. d4 Nf6 3. c4 e6 4. Bg5 Be7 5. Nc3 h6 6. Bxf6 Bxf6 7. e3 O-O 8. Bd3 dxc4 9. Bxc4 c5 10. Ne4 cxd4 11. Nxf6+ Qxf6 12. Qxd4 Qxd4 13. Nxd4 Bd7 14. O-O Nc6 15. Nb3 Ne5 16. Be2 Bc6 17. Rfd1 Rfd8 18. Na5 Bd5 19. b3 Rac8 20. Rac1 b6 21. Nc4 Nxc4 22. bxc4 Be4 23. Rxd8+ Rxd8 24. c5 Rc8 25. Rd1 Rxc5 26. f3 Bd5 27. e4 Bxa2 28. Rd8+ Kh7 29. Rd7 Kg6 30. Rxa7 Bc4 31. Bxc4 Rxc4 32. Rb7 Rb4 33. Kf2 f5 34. exf5+ exf5 35. h3 f4 36. g4 Rb2+ 37. Ke1 Kf6 38. h4 g5 39. hxg5+ hxg5 40. Kd1 Ke5 41. Kc1 Rb3 42. Kc2 Rxf3 43. Rxb6 Rg3 44. Rb5+ Kf6 45. Rb6+ Ke7 46. Rb7+ Kd6 47. Rb6+ Kc5 48. Rg6 Rxg4 49. Kd3 Kd5 0-1


[Site "https://www.chess.com"]

[Event "Titled Tuesday Blitz July 4 Late 2023"]
[White "Herman, Daniel"]
[Black "Haitin, Ilja"]
[WhiteFideId "30935008"]
[BlackFideId "4501764"]
[WhiteElo "2406"]
[BlackElo "2328"]
[Result "1/2-1/2"]
[Round "7"]
[TimeControl "180+2"]
[Date "2023.07.04"]
[WhiteClock "0:00:09"]
[BlackClock "0:00:09"]
[Board "113"]

1. e4 e6 2. d4 d5 3. Nc3 Be7 4. Bd3 Nf6 5. e5 Nfd7 6. f4 c5 7. Nf3 Nc6 8. Be3 a6 9. a3 b5 10. dxc5 Nxc5 11. Be2 Bb7 12. O-O O-O 13. Nd4 Nxd4 14. Bxd4 Ne4 15. Nxe4 dxe4 16. Be3 Rc8 17. c3 Qc7 18. Qe1 Bc5 19. Qf2 Bxe3 20. Qxe3 Qc5 21. Kf2 a5 22. Rfd1 b4 23. axb4 axb4 24. Qxc5 Rxc5 25. cxb4 Rc2 26. Ke3 Rxb2 27. Rdb1 Rxb1 28. Rxb1 Rc8 29. Rb3 Bd5 30. Rb2 f6 31. b5 fxe5 32. fxe5 Bb7 33. b6 Kf7 34. Bg4 Rc3+ 35. Ke2 Ke7 36. Rd2 Rc5 37. Ke3 Rxe5 38. Rc2 Rd5 39. Rc7+ Rd7 40. Rxd7+ Kxd7 41. Bd1 Kd6 42. Bc2 Ke5 43. Bb3 h6 44. h4 g5 45. g3 gxh4 46. gxh4 Kd6 47. Kf4 Kc5 48. Bxe6 Kxb6 49. Bf5 Kc5 50. Bxe4 Bxe4 51. Kxe4 Kd6 52. Kf5 Ke7 53. Kg6 Kf8 54. Kxh6 Kg8 55. Kg6 Kh8 56. Kh6 Kg8 57. Kg6 Kh8 58. Kh6 Kg8 1/2-1/2


[Site "https://www.chess.com"]

[Event "Titled Tuesday Blitz July 4 Late 2023"]
[White "Korpics, Zsolt"]
[Black "Castella Garcia, Fausto"]
[WhiteFideId "705241"]
[BlackFideId "3501922"]
[WhiteElo "2322"]
[BlackElo "2402"]
[Result "0-1"]
[Round "7"]
[TimeControl "180+2"]
[Date "2023.07.04"]
[WhiteClock "0:00:04"]
[BlackClock "0:00:39"]
[Board "114"]

1. e4 c5 2. Nf3 d6 3. Nc3 Nf6 4. d4 cxd4 5. Nxd4 g6 6. Be3 Bg7 7. f3 O-O 8. Qd2 Nc6 9. g4 e5 10. Ndb5 a6 11. Nxd6 Nd4 12. Bxd4 exd4 13. Qxd4 Nxe4 14. Qxe4 Qxd6 15. Rd1 Qb6 16. Be2 Qxb2 17. Nd5 Be6 18. O-O Rfe8 19. Bc4 Rac8 20. Bb3 Qa3 21. Kh1 Qc5 22. f4 Bxg4 23. Qg2 Bxd1 24. Rxd1 Rcd8 25. f5 Rd6 26. Rf1 Re5 27. fxg6 Rexd5 28. gxf7+ Kf8 29. Qxg7+ Kxg7 30. f8=Q+ Kg6 31. Rg1+ Qxg1+ 32. Kxg1 Rd1+ 33. Kf2 Rf6+ 34. Qxf6+ Kxf6 35. Ke2 Rh1 36. Kd3 Rxh2 37. Kd4 h5 38. Kc5 h4 39. Kb6 Rd2 40. Kxb7 h3 41. Kxa6 h2 42. Bd5 Rxd5 43. c4 Rd2 44. c5 h1=Q 45. Kb6 Rb2+ 46. Ka7 Qb7# 0-1


[Site "https://www.chess.com"]

[Event "Titled Tuesday Blitz July 4 Late 2023"]
[White "Rodriguez Santiago, Jaime"]
[Black "Prydun, Andriy"]
[WhiteFideId "3100898"]
[BlackFideId "14145898"]
[WhiteElo "2316"]
[BlackElo "2394"]
[Result "1-0"]
[Round "7"]
[TimeControl "180+2"]
[Date "2023.07.04"]
[WhiteClock "0:00:32"]
[BlackClock "0:01:40"]
[Board "115"]

1. c4 Nf6 2. Nc3 e5 3. g3 h5 4. h3 h4 5. g4 Nh7 6. Bg2 Ng5 7. d3 Ne6 8. e3 c5 9. Nge2 Nc6 10. O-O Bd6 11. Ne4 Bc7 12. b3 g6 13. f4 f5 14. gxf5 gxf5 15. N4c3 exf4 16. Nd5 Be5 17. d4 Bg7 18. Nexf4 cxd4 19. Ng6 Rh6 20. exd4 Bxd4+ 21. Kh1 Bxa1 22. Bxh6 Bd4 23. Qh5 Ng7 24. Bxg7 Bxg7 25. Ne5+ Kf8 26. Qf7# 1-0


[Site "https://www.chess.com"]

[Event "Titled Tuesday Blitz July 4 Late 2023"]
[White "Urbina Perez, Juan Antonio"]
[Black "Kukavica, Tony"]
[WhiteFideId "2217368"]
[BlackFideId "2062542"]
[WhiteElo "2394"]
[BlackElo "2305"]
[Result "1-0"]
[Round "7"]
[TimeControl "180+2"]
[Date "2023.07.04"]
[WhiteClock "0:00:25"]
[BlackClock "0:00:00"]
[Board "116"]

1. e4 c5 2. Nf3 e6 3. c3 Nf6 4. e5 Nd5 5. g3 d6 6. exd6 Qxd6 7. Bg2 Be7 8. O-O Nc6 9. d4 cxd4 10. Nxd4 O-O 11. Nxc6 bxc6 12. c4 Nb4 13. Qe2 Ba6 14. a3 Qd3 15. Qxd3 Nxd3 16. b3 Bf6 17. Ra2 Rab8 18. Nd2 c5 19. Be4 Rfd8 20. Rc2 Rd4 21. Bxd3 Rxd3 22. Ne4 Bd4 23. b4 cxb4 24. axb4 Rxb4 25. c5 f5 26. Ng5 e5 27. c6 h6 28. Ne6 Rc3 29. Rxc3 Bxc3 30. c7 Kf7 31. Nc5 Bc8 32. Rd1 Rc4 33. Ba3 Bd4 34. Nb3 Rxc7 35. Nxd4 Rd7 36. Rc1 Bb7 37. Nxf5 Rd3 38. Bc5 a5 39. Nd6+ Ke6 40. Nxb7 a4 41. Be3 a3 42. Nc5+ Kd5 43. Nxd3 1-0


[Site "https://www.chess.com"]

[Event "Titled Tuesday Blitz July 4 Late 2023"]
[White "Arnold, Ken"]
[Black "Vaglio Munoz, Jaime"]
[WhiteFideId "2056836"]
[BlackFideId "6500145"]
[WhiteElo "2391"]
[BlackElo "2302"]
[Result "1/2-1/2"]
[Round "7"]
[TimeControl "180+2"]
[Date "2023.07.04"]
[WhiteClock "0:00:14"]
[BlackClock "0:00:38"]
[Board "117"]

1. e4 c5 2. g3 Qa5 3. Bg2 g6 4. Nf3 Nc6 5. O-O Bg7 6. Nc3 a6 7. a3 e6 8. Re1 Nge7 9. Rb1 O-O 10. Ne2 d5 11. exd5 exd5 12. d3 Bg4 13. Bd2 Qd8 14. h3 Bxf3 15. Bxf3 Nf5 16. Bg2 h5 17. h4 Re8 18. Bg5 Qd7 19. c3 d4 20. c4 b5 21. b3 Rab8 22. Qc2 Ne5 23. Bf4 bxc4 24. bxc4 Rxb1 25. Rxb1 Ng4 26. Rb8 Rxb8 27. Bxb8 Qe8 28. Bf4 Be5 29. Be4 Bxf4 30. Nxf4 Qe5 31. Qe2 Nxh4 32. Bd5 Qxe2 33. Nxe2 Nf5 34. Nf4 Nf6 35. Bb7 a5 36. Kf1 Kf8 37. a4 Ke7 38. Ba6 Kd6 39. Bb5 g5 40. Nh3 Nh7 41. Be8 Ke7 42. Bc6 f6 43. Be4 Ke6 44. Ke2 Nf8 45. Ng1 Nd6 46. Bf3 g4 47. Bg2 f5 48. Kd2 f4 49. Ne2 f3 50. Nf4+ Kf5 51. Bf1 Kg5 52. Nd5 h4 53. gxh4+ Kxh4 54. Ne7 Ne6 55. Nc6 g3 56. fxg3+ Kxg3 57. Nxa5 Kf2 58. Bh3 Nf4 59. Bg4 Kg3 60. Bxf3 Kxf3 61. Nb3 Ne6 62. a5 Nc8 63. a6 Na7 64. Na5 Kf4 65. Nb7 Ke5 66. Na5 Kd6 67. Nb3 Kc6 68. Nc1 Kb6 69. Ke2 Kxa6 70. Kf3 Kb6 71. Ke4 Kc6 72. Ke5 Nc7 73. Nb3 Nc8 74. Nxd4+ cxd4 75. Kxd4 Ne6+ 76. Kc3 Kc5 77. d4+ Nxd4 78. Kd3 Nd6 79. Ke3 Ne6 80. Kd3 Nb7 81. Kc3 Na5 82. Kd3 Nd8 83. Kc3 Ndc6 84. Kd3 Nb4+ 85. Kc3 Nac6 86. Kd2 Kd4 87. c5 Nd5 88. Ke2 Ke4 89. Kf2 Nf4 90. Kg3 Ne6 91. Kg4 Nxc5 1/2-1/2


[Site "https://www.chess.com"]

[Event "Titled Tuesday Blitz July 4 Late 2023"]
[White "Antonio, Jorge Carlos"]
[Black "Bochnicka, Vladimir"]
[WhiteFideId "113190"]
[BlackFideId "14943450"]
[WhiteElo "2294"]
[BlackElo "2379"]
[Result "0-1"]
[Round "7"]
[TimeControl "180+2"]
[Date "2023.07.04"]
[WhiteClock "0:00:03"]
[BlackClock "0:00:08"]
[Board "118"]

1. d4 Nf6 2. Nf3 g6 3. c4 Bg7 4. Nc3 O-O 5. e4 d6 6. Be2 e5 7. O-O Nc6 8. d5 Ne7 9. Ne1 Nd7 10. Be3 f5 11. f3 f4 12. Bf2 g5 13. Rc1 Ng6 14. c5 Nf6 15. cxd6 cxd6 16. Nb5 Rf7 17. Qc2 Ne8 18. Nxa7 Bd7 19. Bb5 Qa5 20. Bxd7 Rxd7 21. b4 Qxb4 22. Rb1 Qa5 23. Nb5 Qxa2 24. Qxa2 Rxa2 25. Nd3 h5 26. Rfc1 g4 27. Rc8 Kf7 28. Nb4 Ra5 29. Nc6 bxc6 30. dxc6 Re7 31. Bb6 Ra6 32. Bd8 Bf8 33. Bxe7 Nxe7 34. Rd8 Nxc6 35. Rd7+ Be7 36. Rd1 g3 37. hxg3 fxg3 38. Nxd6+ Nxd6 39. R1xd6 Ra1+ 40. Rd1 Rxd1+ 41. Rxd1 Bc5+ 42. Kh1 Be3 43. Rd6 Nd4 44. Rd7+ Kg6 45. Rd8 Bf4 46. Rg8+ Kf7 47. Rh8 Ke6 48. Rxh5 Kd6 49. Rh8 Kc5 50. Rc8+ Kb4 51. Rb8+ Kc3 52. Rb1 Kd3 53. Ra1 Bd2 54. Ra3+ Ke2 55. Ra2 Ne6 56. Ra6 Nf4 57. Ra2 Nd3 58. Ra1 Be1 59. Ra2+ Kf1 60. Ra3 Nf2# 0-1


[Site "https://www.chess.com"]

[Event "Titled Tuesday Blitz July 4 Late 2023"]
[White "Zampronha, Wladimir Camilo"]
[Black "Campos, Maria Jose"]
[WhiteFideId "2103087"]
[BlackFideId "146803"]
[WhiteElo "2283"]
[BlackElo "2378"]
[Result "1-0"]
[Round "7"]
[TimeControl "180+2"]
[Date "2023.07.04"]
[WhiteClock "0:00:11"]
[BlackClock "0:00:29"]
[Board "119"]

1. e4 e5 2. Nf3 Nc6 3. d4 exd4 4. Nxd4 Bc5 5. Be3 Qf6 6. c3 Nge7 7. Bc4 Bb6 8. O-O O-O 9. Na3 Ne5 10. Be2 d5 11. f4 N5c6 12. e5 Qg6 13. Nac2 f5 14. Nb5 Rd8 15. Bxb6 cxb6 16. Nbd4 Be6 17. Qe1 Nxd4 18. Nxd4 Nc6 19. Qd2 Qf7 20. Rf3 Rac8 21. Rff1 a6 22. Bf3 b5 23. Rfd1 Qe7 24. Qf2 g6 25. Rd2 Bf7 26. Rad1 Na5 27. Nb3 Nxb3 28. axb3 d4 29. Rxd4 Rxd4 30. Qxd4 Bxb3 31. Bd5+ Bxd5 32. Qxd5+ Kg7 33. h3 Rc7 34. Kh2 Kh6 35. Rd3 Qh4 36. g3 Qe7 37. Qd6 Kg7 38. Qxe7+ Rxe7 39. g4 Kf7 40. Kg3 Rc7 41. gxf5 gxf5 42. Rd6 Ke7 43. Rh6 Ke8 44. Rf6 Rg7+ 45. Kf3 Rg1 46. Rxf5 Rb1 47. Rh5 Rxb2 48. Rxh7 b4 49. cxb4 Rxb4 50. f5 a5 51. f6 Rb6 52. Ke4 a4 53. Kf5 a3 54. e6 Kd8 55. Rh8+ Kc7 56. Ra8 Ra6 57. Rxa6 bxa6 58. f7 a2 59. f8=Q a1=Q 60. Qf7+ Kb6 61. e7 Qf1+ 62. Kg6 Qg2+ 63. Kf6 Qf3+ 64. Kg7 Qxh3 65. e8=Q a5 66. Qf6+ Kc5 67. Qee5+ Kc4 68. Qff4+ Kb3 69. Qee3+ Qxe3 70. Qxe3+ Kb4 71. Qd4+ Kb3 72. Qa1 a4 73. Kf6 a3 74. Ke5 a2 75. Kd4 Ka3 76. Kc4 Ka4 77. Qxa2# 1-0


[Site "https://www.chess.com"]

[Event "Titled Tuesday Blitz July 4 Late 2023"]
[White "Sokolov, Andrei"]
[Black "Prieto Aranguren, Alain"]
[WhiteFideId "11600306"]
[BlackFideId "2268906"]
[WhiteElo "2270"]
[BlackElo "2378"]
[Result "0-1"]
[Round "7"]
[TimeControl "180+2"]
[Date "2023.07.04"]
[WhiteClock "0:00:00"]
[BlackClock "0:01:05"]
[Board "120"]

1. d4 g6 2. c4 Bg7 3. Nc3 d6 4. e4 Nc6 5. Be3 e5 6. d5 Nd4 7. Bd3 c5 8. h3 Ne7 9. g4 O-O 10. Nge2 f5 11. gxf5 gxf5 12. exf5 Nexf5 13. Qa4 Bd7 14. Qa3 Nf3+ 15. Kd1 N5d4 16. Bxd4 cxd4 17. Ne4 Bf5 18. Kc2 a6 19. N2g3 Bg6 20. Qxd6 Qxd6 21. Nxd6 Nh4 22. Bxg6 Rxf2+ 23. Kb3 hxg6 24. Raf1 Raf8 25. Rxf2 Rxf2 26. Nge4 Rf3+ 27. Kb4 Bf8 28. Kc5 Nf5 29. b4 Rf4 30. Kb6 Nxd6 31. Nxd6 Bxd6 32. c5 Bf8 33. d6 Rf7 34. Re1 Bg7 35. a4 d3 36. b5 axb5 37. axb5 e4 38. c6 Bd4+ 39. Ka5 bxc6 40. bxc6 d2 41. Rd1 e3 42. c7 Rf8 43. d7 e2 44. Rg1 d1=Q 0-1


[Site "https://www.chess.com"]

[Event "Titled Tuesday Blitz July 4 Late 2023"]
[White "Duarte, Leonardo"]
[Black "Guimaraes, Wagner Peixoto"]
[WhiteFideId "110582"]
[BlackFideId "2100940"]
[WhiteElo "2376"]
[BlackElo "2267"]
[Result "1-0"]
[Round "7"]
[TimeControl "180+2"]
[Date "2023.07.04"]
[WhiteClock "0:00:11"]
[BlackClock "0:00:00"]
[Board "121"]

1. e4 c5 2. Nf3 e6 3. d4 cxd4 4. Nxd4 Nf6 5. Nc3 Nc6 6. Ndb5 Bb4 7. a3 Bxc3+ 8. Nxc3 d5 9. exd5 exd5 10. Bd3 O-O 11. O-O d4 12. Ne2 Bg4 13. h3 Bxe2 14. Qxe2 Re8 15. Qd1 h6 16. Bf4 Nd5 17. Bg3 Nf6 18. Re1 Qd5 19. Qd2 Ne5 20. Bf1 Ne4 21. Qf4 Ng6 22. Qf3 Qc6 23. Bh2 Ng5 24. Qxc6 bxc6 25. Ba6 c5 26. Bb5 Rxe1+ 27. Rxe1 Ne6 28. Bd7 Ngf8 29. Bc6 Rc8 30. Bb7 Rd8 31. f4 c4 32. f5 Nc5 33. Bf3 d3 34. cxd3 Nxd3 35. Rd1 Nh7 36. Bg3 Re8 37. Rd2 Ng5 38. Bd5 Ne4 39. Re2 Ndc5 40. Bxc4 Rd8 41. Bf4 Rd1+ 42. Kh2 Rd4 43. b3 Nf6 44. Be3 1-0


[Site "https://www.chess.com"]

[Event "Titled Tuesday Blitz July 4 Late 2023"]
[White "Clawitter, Craig"]
[Black "ChawitAp"]
[WhiteFideId "2023105"]
[WhiteElo "2252"]
[BlackElo "2370"]
[Result "0-1"]
[Round "7"]
[TimeControl "180+2"]
[Date "2023.07.04"]
[WhiteClock "0:00:00"]
[BlackClock "0:00:27"]
[Board "122"]

1. e4 e5 2. Nc3 Nf6 3. g3 Bc5 4. Bg2 d6 5. Nge2 h5 6. h3 Nc6 7. d3 Nd4 8. Nxd4 Bxd4 9. Ne2 Bb6 10. Bg5 Be6 11. O-O Qd7 12. Kh2 O-O-O 13. a4 h4 14. gxh4 Rdg8 15. Ng3 Nh7 16. f4 f6 17. f5 Bf7 18. Bd2 Nf8 19. a5 Bd4 20. c3 g6 21. cxd4 Rxh4 22. a6 b6 23. d5 Rgh8 24. Qa4 b5 25. Qc2 g5 26. Qc6 Qxc6 27. dxc6 g4 28. Ra5 gxh3 29. Bf3 Be8 30. Rc1 Nh7 31. Rxb5 Ng5 32. Bxg5 fxg5 33. Rb7 Rf4 34. Rf1 Bxc6 35. Rxa7 Kb8 36. Rb7+ Bxb7 37. axb7 Kxb7 38. Kg1 g4 39. Be2 h2+ 40. Kg2 Rh3 41. Rxf4 Rxg3+ 42. Kxh2 exf4 43. f6 Rh3+ 44. Kg2 f3+ 45. Bxf3 Rxf3 0-1


[Site "https://www.chess.com"]

[Event "Titled Tuesday Blitz July 4 Late 2023"]
[White "micke12a"]
[Black "Kohler, Aran"]
[BlackFideId "1002856"]
[WhiteElo "2370"]
[BlackElo "2249"]
[Result "1-0"]
[Round "7"]
[TimeControl "180+2"]
[Date "2023.07.04"]
[WhiteClock "0:01:01"]
[BlackClock "0:00:10"]
[Board "123"]

1. d4 Nf6 2. Nf3 b6 3. g3 Bb7 4. Bg2 e6 5. O-O Be7 6. c4 d5 7. Nc3 O-O 8. Qc2 c5 9. Rd1 Na6 10. dxc5 bxc5 11. cxd5 exd5 12. Ne5 Nb4 13. Qa4 Qd6 14. Bf4 Qe6 15. a3 Bc6 16. Nxc6 Nxc6 17. Nxd5 Rac8 18. Nc7 Qxe2 19. Qxc6 Qxb2 20. Qf3 c4 21. Rab1 Qxa3 22. Qxa3 Bxa3 23. Nb5 Bc5 24. Rdc1 Bb6 25. Nd6 Rcd8 26. Nxc4 Ng4 27. Nxb6 axb6 28. h3 Nf6 29. Rxb6 Nd5 30. Bxd5 Rxd5 31. Rd6 Rb5 32. Rcd1 h6 33. Rd8 Rxd8 34. Rxd8+ Kh7 35. Kg2 Kg6 36. Rd6+ f6 37. Be3 Rb2 38. Kf3 Ra2 39. g4 Ra3 40. h4 Kf7 41. h5 Ke7 42. Rb6 Kf7 43. Rb5 Kg8 44. Ke4 Kf7 45. Kf5 Ra4 46. Rb7+ Kg8 47. f3 Ra5+ 48. Kg6 Rg5+ 49. Bxg5 fxg5 50. Rb8# 1-0


[Site "https://www.chess.com"]

[Event "Titled Tuesday Blitz July 4 Late 2023"]
[White "Kovacevic, Radmila"]
[Black "Kanyamarala, Trisha"]
[WhiteFideId "933171"]
[BlackFideId "45004722"]
[WhiteElo "2240"]
[BlackElo "2357"]
[Result "0-1"]
[Round "7"]
[TimeControl "180+2"]
[Date "2023.07.04"]
[WhiteClock "0:00:37"]
[BlackClock "0:00:12"]
[Board "124"]

1. e4 c5 2. Nf3 d6 3. Bc4 e6 4. Nc3 Nf6 5. O-O Nc6 6. Re1 Be7 7. d3 O-O 8. e5 dxe5 9. Nxe5 Nxe5 10. Rxe5 a6 11. Be3 b5 12. Bb3 Bd6 13. Rg5 h6 14. Rxc5 Bxc5 15. Bxc5 Re8 16. Qf3 Rb8 17. Ba7 Bb7 18. Qg3 Rc8 19. Re1 Qc7 20. Qh4 Bxg2 21. Bd4 e5 22. Be3 Bb7 23. Bxh6 Qc6 24. f3 gxh6 25. Qxh6 Qxf3 26. Ne4 Nxe4 27. Qg6+ Kf8 28. Qh6+ Ke7 29. dxe4 Rg8+ 0-1


[Site "https://www.chess.com"]

[Event "Titled Tuesday Blitz July 4 Late 2023"]
[White "Seletsky, Grigory"]
[Black "Schachpanda_Youtube"]
[WhiteFideId "14112191"]
[WhiteElo "2352"]
[BlackElo "2223"]
[Result "1/2-1/2"]
[Round "7"]
[TimeControl "180+2"]
[Date "2023.07.04"]
[WhiteClock "0:01:06"]
[BlackClock "0:00:06"]
[Board "125"]

1. d4 d5 2. c4 e6 3. Nc3 Nf6 4. Bg5 Be7 5. cxd5 Nxd5 6. Bxe7 Qxe7 7. e4 Nxc3 8. bxc3 c5 9. Nf3 O-O 10. Bd3 cxd4 11. cxd4 Qb4+ 12. Qd2 Qxd2+ 13. Kxd2 b6 14. Rhc1 Ba6 15. a3 Bxd3 16. Kxd3 Na6 17. Rc6 Rfc8 18. Rac1 Rxc6 19. Rxc6 Kf8 20. Kc4 Ke7 21. Kb5 Nb8 22. Rc7+ Ke8 23. Ng5 Nd7 24. Nxf7 Kxf7 25. Rxd7+ Kf6 26. Ka6 Rc8 27. Kxa7 Rc3 28. Kxb6 Rxa3 29. e5+ Kg6 30. Re7 Kf5 31. Rxg7 Ra2 32. Rxh7 Ke4 33. Kc5 Rxf2 34. Rh6 Rc2+ 35. Kd6 Kxd4 36. Kxe6 Rc6+ 37. Kd7 Rxh6 38. e6 Rxh2 39. e7 Rh7 40. Ke6 Rxe7+ 41. Kxe7 Ke5 42. Kf7 Kf4 43. Kg6 Kg3 44. Kh5 Kxg2 1/2-1/2


[Site "https://www.chess.com"]

[Event "Titled Tuesday Blitz July 4 Late 2023"]
[White "Vila Dupla, Aurelio"]
[Black "Zhou, Qiyu"]
[WhiteFideId "2203383"]
[BlackFideId "505161"]
[WhiteElo "2175"]
[BlackElo "2350"]
[Result "0-1"]
[Round "7"]
[TimeControl "180+2"]
[Date "2023.07.04"]
[WhiteClock "0:00:37"]
[BlackClock "0:00:42"]
[Board "126"]

1. Nf3 Nf6 2. d4 d5 3. c4 e6 4. cxd5 exd5 5. Nc3 c6 6. Qc2 Be7 7. Bg5 O-O 8. e3 h6 9. Bh4 Nbd7 10. Bd3 Re8 11. h3 Nf8 12. O-O-O b5 13. Kb1 a5 14. Ne2 Qb6 15. Rc1 Bb7 16. Ne5 Rec8 17. Bf5 Rc7 18. Nd3 Bc8 19. g4 Bxf5 20. gxf5 N8d7 21. Rhg1 Kh8 22. Bg3 Rcc8 23. Nef4 Ne4 24. Nxd5 cxd5 25. Qxc8+ Rxc8 26. Rxc8+ Kh7 27. Rgc1 Nd2+ 28. Ka1 b4 29. R8c7 Qb5 30. Nf4 Bd6 31. R7c2 Ne4 32. Bh2 b3 33. axb3 Qxb3 34. f3 Nef6 35. Rc3 Qa4+ 36. Ra3 Bxa3 0-1


[Site "https://www.chess.com"]